 Dungeon Crawl Stone Soup version 0.28.0-47-ge53b351184 (webtiles) character file.

Game seed: 16071888096555309332

476 NinjaNoafa the Chopper (level 6, -1/52 HPs)
             Began as a Minotaur Fighter on May 10, 2022.
             Killed by an exploding mummy (21 damage)
             ... ignited by their inner flame
             ... in an ossuary.
             The game lasted 00:07:39 (2641 turns).

NinjaNoafa the Chopper (Minotaur Fighter)           Turns: 2641, Time: 00:07:40

Health: -1/52      AC: 12    Str: 23    XL:     6   Next: 85%
Magic:  5/5        EV:  8    Int:  5    God:
Gold:   122        SH:  0    Dex: 11    Spells: 5/5 levels left

rFire   . . .      SeeInvis .   c - +1 hand axe of Valiance {freeze, Dex+4}
rCold   . . .      Faith    .   k - orb {*Rage}
rNeg    . . .      Spirit   .   t - +0 chain mail
rPois   .          Reflect  .   (helmet restricted)
rElec   .          Harm     .   q - +0 cloak
rCorr   .          Rampage  .   (no gloves)
Will    .....      Rage     21% (no boots)
Stlth   ..........              (no amulet)
HPRegen 0.17/turn               (no ring)
MPRegen 0.09/turn               (no ring)

@: no status effects
A: horns 2, retaliatory headbutt, iridescent scales 1, berserk 1, clumsy 1,
screaming 1
a: no special abilities


You were in an ossuary.
You visited 1 branch of the dungeon, and saw 4 of its levels.
You also visited: Ossuary.

You collected 122 gold pieces.

Inventory:

Hand Weapons
 c - the +1 hand axe of Valiance (weapon) {freeze, Dex+4}
   (You found it on level 2 of the Dungeon)

   It freezes those it strikes, dealing additional cold damage.
   It can also slow down cold-blooded creatures.
   Dex:       It affects your dexterity (+4).
 i - a +3 short sword of electrocution
Missiles
 a - 43 stones
 b - 4 javelins
 g - 11 poisoned darts (quivered)
 o - 6 boomerangs
Armour
 k - an orb of wrath (worn)
 q - a +0 cloak (worn)
 t - a +0 chain mail (worn)
Scrolls
 f - a scroll of noise
 h - a scroll of amnesia {unknown}
 n - a scroll of fog {unknown}
 p - 2 scrolls of immolation
 s - a scroll of enchant weapon {unknown}
 u - a scroll of holy word {unknown}
Potions
 e - a potion of flight
 m - a potion of heal wounds
 r - a potion of haste
 v - a potion of resistance
 w - a potion of degeneration {unknown}


   Skills:
 - Level 4.3 Fighting
 - Level 0.9(1.9) Short Blades
 - Level 3.0(3.1) Long Blades
 + Level 7.2 Axes
 - Level 4.3 Armour
 - Level 4.2 Shields


You had 5 spell levels left.
You didn't know any spells.
Your spell library contained the following spells:

 Spells                   Type           Power      Damage    Failure   Level
 Freeze                   Ice            0%         1d3       99%         1
 Frozen Ramparts          Ice            0%         1d2       100%        3
 Hailstorm                Conj/Ice       0%         3d3       100%        4


Dungeon Overview and Level Annotations

Branches:
Dungeon (4/15)            Ossuary (1/1)
 Temple: D:4-7

Altars:


Innate Abilities, Weirdness & Mutations

You have a pair of horns on your head.
You reflexively headbutt those who attack you in melee.
You are partially covered in iridescent scales. (AC +2)
You tend to lose your temper in combat.
You are clumsy. (Dex -2)
You occasionally shout uncontrollably at your foes.


Message History

Your Axes skill increases to level 7!
A bog mummy and 2 mummies come into view.
The bog mummy moves out of view.
There is an open door here.
There are monsters nearby!
There are monsters nearby!
You recover from your berserk rage.
You see here a scroll labelled GUIPTA INTIMMI.
p - 3 scrolls labelled GUIPTA INTIMMI (gained 1)
As you read the scroll labelled GUIPTA INTIMMI, it crumbles to dust.
The creatures around you are filled with an inner flame!
It was a scroll of immolation.
As you read the scroll labelled GOTOUBLIEHE, it crumbles to dust.
It is a scroll of brand weapon.
Your +3 short sword crackles with electricity.
i - a +3 short sword of electrocution
As you read the scroll labelled DUQUHUAROTI, it crumbles to dust.
It is a scroll of identify.
f - a scroll of noise The mummy barely misses you.
As you read the scroll of identify, it crumbles to dust.
d - a potion of mutation The mummy hits you but does no damage.
As you read the scroll of identify, it crumbles to dust.
r - a potion of haste Really quaff the potion of mutation?
You feel extremely strange.
You feel clumsy.
You feel a little pissed off.
You feel the urge to shout.
Iridescent scales grow over part of your body.
The mummy hits you.
There is an open door here.
You hit the mummy. You freeze the mummy.
The mummy is moderately damaged.
You hit the bog mummy. You freeze the bog mummy. You hit the mummy.
Flame seeps out of the mummy.
The bog mummy closely misses you. You furiously retaliate!
You headbutt the bog mummy.
The mummy is engulfed in blazing flames.
The mummy explodes!
The fiery explosion engulfs you!!
You die...

#.∩.#M# #∩..#.'
#####Z# .+
##### .# #...#
#§§§# #§○§#
##@##
#≈P'≈ZMM.......
####'#+#'#'#'#'
# .# # ##


You could see a mummy, a bog mummy and a hornet zombie.

Vanquished Creatures
  Sigmund (D:3)
  A water moccasin zombie (Ossuary)
  A centaur zombie (Ossuary)
  A killer bee zombie (Ossuary)
  8 mummies (Ossuary)
  A howler monkey zombie (Ossuary)
  2 adders
  2 worms (D:2)
  2 dart slugs (D:1)
  8 endoplasms
  3 giant cockroaches
  14 goblins
  9 hobgoblins
  7 kobolds
  2 quokkas
  8 ball pythons
  2 bats
  4 frilled lizards
  6 rats
82 creatures vanquished.

Vanquished Creatures (others)
  3 withered plants (Ossuary)
3 creatures vanquished.

Grand Total: 85 creatures vanquished

Notes
Turn   | Place    | Note
-------+----------+-------------------------------------------
     0 | D:1      | NinjaNoafa the Minotaur Fighter began the quest for the
                  | Orb.
     0 | D:1      | Reached XP level 1. HP: 19/19 MP: 0/0
   136 | D:1      | Reached XP level 2. HP: 25/27 MP: 1/1
   378 | D:1      | Found a faded altar of an unknown god.
   447 | D:1      | Reached XP level 3. HP: 33/33 MP: 2/2
  1411 | D:2      | Identified the +1 hand axe of Valiance {freeze, Dex+4}
  1487 | D:2      | Reached skill level 1 in Axes
  1487 | D:2      | Reached XP level 4. HP: 40/40 MP: 3/3
  1999 | D:3      | Noticed Sigmund
  2009 | D:3      | Reached skill level 2 in Axes
  2009 | D:3      | Killed Sigmund
  2010 | D:3      | Reached skill level 5 in Axes
  2010 | D:3      | Reached XP level 5. HP: 46/46 MP: 4/4
  2103 | D:3      | Reached XP level 6. HP: 52/52 MP: 5/5
  2505 | D:4      | Found a sand-covered staircase.
  2511 | Ossuary  | Entered an ossuary
  2530 | Ossuary  | Reached skill level 6 in Axes
  2629 | Ossuary  | Reached skill level 7 in Axes
  2639 | Ossuary  | Gained mutation: You are clumsy. (Dex -2) [potion of
                  | mutation]
  2639 | Ossuary  | Gained mutation: You tend to lose your temper in combat.
                  | [potion of mutation]
  2639 | Ossuary  | Gained mutation: You occasionally shout uncontrollably at
                  | your foes. [potion of mutation]
  2639 | Ossuary  | Gained mutation: You are partially covered in iridescent
                  | scales. (AC +2) [potion of mutation]
  2641 | Ossuary  | Killed by an exploding mummy... ignited by their inner
                  | flame

Illustrated notes

Levels and vault maps discovered:
D:1:      psy_arrival_conway, layout_basic, ebering_ecumenical_altar_box,
          grunt_decor_one_mirror, minmay_misc_feat_tiny,
          chequers_serial_rivers_room_b, skrybe_limestone_x
D:2:      minmay_chambers_of_ones, layout_loops_ring
D:3:      layout_basic, uniq_sigmund
D:4:      layout_loops_ring, lightli_ossuary_entry_decrepit_ruins,
          nrook_mini_vaults
Ossuary:  ossuary_zaba_flooded

Skill      XL: |  1  2  3  4  5  6 |
---------------+-------------------+-----
Armour         | 4 |  4.3
Fighting       | 4 |  4.3
Shields        | 4 |  4.2
Long Blades    | 3 |  3.0
Axes           | 1 5 7 |  7.2
Short Blades   | |  0.9

Action                   |  1- 3 |  4- 6 || total
-------------------------+-------+-------++-------
Melee: Long sword        |    57 |       ||    57
       Headbutt          |     9 |     7 ||    16
       Short sword       |    36 |       ||    36
       Hand axe          |     1 |    56 ||    57
Throw: Dart              |     6 |       ||     6
  Use: Scroll            |       |     6 ||     6
       Potion            |       |     5 ||     5
Armor: Scale mail        |    55 |    18 ||    73
       Chain mail        |       |    21 ||    21
Dodge: Dodged            |    48 |    39 ||    87
Block: Buckler           |    16 |       ||    16
